 Dungeon Crawl Stone Soup version 0.27-a0-103-g6cd7b45605 (webtiles) character file.

Game seed: 13392394811905535490

3899 knot the Cleaver (level 10, 46/70 HPs)
             Began as a Demonspawn Berserker on Jan 23, 2021.
             Was a High Priest of Trog.
             Quit the game on level 8 of the Dungeon.
             The game lasted 00:12:36 (9538 turns).

knot the Cleaver (Demonspawn Berserker)             Turns: 9538, Time: 00:12:37

Health: 46/70      AC: 14    Str: 18    XL:     10   Next: 0%
Magic:  5/10       EV:  9    Int: 12    God:    Trog [*****.]
Gold:   527        SH:  0    Dex: 12    Spells: 9/9 levels left

rFire    . . .     SeeInvis .   t - +1 war axe (elec)
rCold    . . .     Faith    .   (no shield)
rNeg     . . .     Spirit   +   B - +0 chain mail (curse)
rPois    .         Reflect  .   a - +0 helmet
rElec    .         Harm     .   k - -2 cloak
rCorr    .         Rampage  .   J - +0 pair of gloves
Will     .....                  m - +0 pair of boots
Stlth    ..........             (no amulet)
HPRegen  0.21/turn              F - +4 ring of protection
MPRegen  0.12/turn              (no ring)

@: no status effects
A: claws 1, powered by pain 1, magic shield, sturdy frame 2
a: Renounce Religion, Berserk, Trog's Hand, Brothers in Arms


You were on level 8 of the Dungeon.
You worshipped Trog.
Trog was extremely pleased with you.
You visited 1 branch of the dungeon, and saw 8 of its levels.
You also visited: Sewer.

You collected 527 gold pieces.

Inventory:

Hand Weapons
 t - a +1 war axe of electrocution (weapon)
Missiles
 b - 10 poisoned darts (quivered)
 j - 348 stones
 n - 86 sling bullets
 o - 2 boomerangs of dispersal
 H - 2 boomerangs
 K - 7 curare-tipped darts
Armour
 a - a +0 helmet (worn)
 k - a -2 cloak (worn)
 m - a +0 pair of boots (worn)
 B - a cursed +0 chain mail (worn)
 J - a +0 pair of gloves (worn)
Magical Staves
 y - an uncursed staff of poison {unknown}
Jewellery
 F - a +4 ring of protection (left hand)
Wands
 l - a wand of enslavement (9)
 C - a wand of digging (8)
 G - a wand of disintegration (13)
Scrolls
 d - 12 scrolls of identify
 e - 12 scrolls of teleportation
 g - 4 scrolls of remove curse
 q - a scroll of fear {unknown}
 u - a scroll of blinking {unknown}
 x - a scroll of random uselessness {unknown}
 z - 2 scrolls of enchant weapon {unknown}
 D - a scroll of fog
 E - a scroll of amnesia {unknown}
Potions
 c - 2 potions of invisibility
 f - a potion of magic
 h - 2 potions of ambrosia
 i - 2 potions of brilliance
 p - 2 potions of flight
 r - 2 potions of degeneration {unknown}
 s - 2 potions of berserk rage {unknown}
 v - a potion of haste {unknown}
 w - a potion of lignification {unknown}
 A - 2 potions of might {unknown}
 I - 3 potions of curing {unknown}
 L - a potion of cancellation {unknown}
 M - a potion of attraction {unknown}


   Skills:
 - Level 3.0 Fighting
 * Level 9.9 Axes
 * Level 9.1 Throwing
 - Level 1.7 Armour
 - Level 1.7 Dodging


You had 9 spell levels left.
You didn't know any spells.
Your spell library was empty.

Dungeon Overview and Level Annotations

Branches:
Dungeon (8/15)             Temple (0/1) D:6            Lair (0/6) D:8
  Sewer (visited)

Altars:
Cheibriados
Gozag
Makhleb
Nemelex Xobeh
Trog
Xom
Yredelemnul
The Shining One

Shops:
D:5 (   D:7 }

Annotations:
D:7 2 transporters, tasumai's ghost, novice GrBe
D:8 3 runed translucent doors


Innate Abilities, Weirdness & Mutations

You have sharp fingernails.
You sometimes gain a little power by taking damage.
When hurt, damage is shared between your health and your magic reserves.
Your movements are less encumbered by armour. (ER -4)


Message History

Your chain mail prevents you from hitting the wyvern.
The wyvern is moderately wounded.
The wyvern bites you but does no damage.
The wyvern bites you.
You closely miss the wyvern.
The wyvern is moderately wounded.
The wyvern closely misses you.
You barely miss the wyvern.
The wyvern is moderately wounded.
The wyvern bites you. The wyvern bites you!
You hit the wyvern.
The wyvern is heavily wounded.
The wyvern bites you.
You hit the wyvern but do no damage. Lightning courses through the wyvern!
You kill the wyvern!
Trog accepts your kill.
You have reached level 10!
Your demonic ancestry asserts itself...
You feel energised by your suffering.
Are you sure you want to abandon this character and quit the game? (Confirm with "yes".)

### ..# #.# #.# #.#
#.####.##. ..#
#.#...>.? # #.#
####...##.##.###. #.#
#....>...@....... #.#
#..........#..... #.#
#..........# #.. #.#
#..........# #.#
#..........#
##.#####.............
#.................###
##+##
##.####...........#
##...##
#..###...........#
##.....##


There were no monsters in sight!

Vanquished Creatures
  Pikel (D:6)
  Grinder (D:3)
  Sigmund (D:6)
  A wyvern (D:8)
  Edmund (D:6)
  An ice beast (D:6)
  A sky beast (D:8)
  2 phantoms
  An orc warrior (D:8)
  3 ogres
  5 centaurs
  6 big kobolds (D:4)
  3 bullfrogs (D:7)
  A scorpion (D:7)
  A bullfrog zombie (D:6)
  2 jellies (D:5)
  4 hounds
  3 iguanas
  6 orc priests
  4 orc wizards (D:7)
  A centaur skeleton (D:5)
  Ijyb (D:5)
  A worker ant (D:7)
  A hound zombie (D:7)
  Robin (D:3)
  A worker ant zombie (D:8)
  11 gnolls
  7 adders
  5 oozes
  3 adder skeletons
  8 worms
  2 dart slugs
  3 leopard geckos
  27 orcs
  4 ball pythons
  8 giant cockroaches
  15 hobgoblins
  8 jackals
  A quokka (D:4)
  14 bats
  5 frilled lizards
  10 goblins
  A jackal skeleton (D:4)
  37 kobolds
  5 rats
228 creatures vanquished.

Notes
Turn   | Place    | Note
-------+----------+-------------------------------------------
     0 | D:1      | knot the Demonspawn Berserker began the quest for the Orb.
     0 | D:1      | Reached XP level 1. HP: 18/18 MP: 1/1
   777 | D:1      | Gained mutation: When hurt, damage is shared between your
                  | health and your magic reserves. [demonic ancestry]
   777 | D:1      | Reached XP level 2. HP: 21/24 MP: 2/2
  1593 | D:2      | Found a snail-covered altar of Cheibriados.
  1656 | D:2      | Gained mutation: You have sharp fingernails. [demonic
                  | ancestry]
  1656 | D:2      | Reached XP level 3. HP: 29/29 MP: 3/3
  2030 | D:2      | Reached ** piety under Trog
  2031 | D:2      | Reached skill level 1 in Throwing
  2157 | D:2      | Gained mutation: Your movements are slightly less
                  | encumbered by armour. (ER -2) [demonic ancestry]
  2157 | D:2      | Reached XP level 4. HP: 29/35 MP: 2/4
  2392 | D:3      | Found a sparkling altar of Nemelex Xobeh.
  2524 | D:3      | Found a glowing drain.
  2531 | Sewer    | Entered a sewer
  3329 | Sewer    | Reached XP level 5. HP: 38/41 MP: 3/5
  3357 | Sewer    | Reached *** piety under Trog
  3719 | D:3      | Noticed Robin
  3734 | D:3      | Killed Robin
  3897 | D:3      | Noticed Grinder
  3906 | D:3      | Killed Grinder
  3907 | D:3      | Reached skill level 5 in Axes
  3907 | D:3      | Gained mutation: Your movements are less encumbered by
                  | armour. (ER -4) [demonic ancestry]
  3907 | D:3      | Reached XP level 6. HP: 47/47 MP: 6/6
  4185 | D:3      | Found a shimmering altar of Xom.
  4412 | D:4      | Reached XP level 7. HP: 46/52 MP: 5/7
  5059 | D:4      | Found a glowing golden altar of the Shining One.
  5124 | D:4      | Found a basalt altar of Yredelemnul.
  5375 | D:4      | Reached **** piety under Trog
  5420 | D:4      | Reached skill level 5 in Throwing
  5448 | D:4      | Reached XP level 8. HP: 55/58 MP: 4/8
  6086 | D:5      | Entered Level 5 of the Dungeon
  6241 | D:5      | Found Ceannora's Weapon Shoppe.
  6335 | D:5      | Found an opulent altar of Gozag.
  6409 | D:5      | Noticed Ijyb
  6434 | D:5      | Killed Ijyb
  6758 | D:6      | Noticed Sigmund
  6767 | D:6      | Killed Sigmund
  7023 | D:6      | Noticed Edmund
  7035 | D:6      | Killed Edmund
  7036 | D:6      | Reached XP level 9. HP: 46/63 MP: 5/9
  7144 | D:6      | Found a staircase to the Ecumenical Temple.
  7209 | D:6      | Noticed Pikel
  7221 | D:6      | Killed Pikel
  8014 | D:6      | Found a burning altar of Makhleb.
  8139 | D:7      | Found a transporter.
  8139 | D:7      | Found a transporter.
  8139 | D:7      | Noticed tasumai's ghost (novice GrBe)
  8317 | D:7      | Noticed a queen bee
  8372 | D:7      | Reached ***** piety under Trog
  8477 | D:7      | Found Mewnyqirant's Gadget Boutique.
  8750 | D:7      | Found a bloodstained altar of Trog.
  9496 | D:8      | Found a runed translucent gate.
  9496 | D:8      | Found a runed translucent gate.
  9497 | D:8      | Found a runed translucent gate.
  9520 | D:8      | Found a staircase to the Lair.
  9538 | D:8      | Gained mutation: You sometimes gain a little power by
                  | taking damage. [demonic ancestry]
  9538 | D:8      | Reached XP level 10. HP: 46/70 MP: 5/10
  9538 | D:8      | Quit the game

Illustrated notes

Levels and vault maps discovered:
D:1:      sevenhm_arrival_forest_fort_small_4, layout_loops_corners
D:2:      layout_loops_cross, nicolae_overflow_crystal_walls
D:3:      layout_loops_ring, nemelex_xobeh_ov_fountains_minmay,
          overflow_temple_1_default, cheibrodos_sewer_entry_drain, uniq_robin,
          uniq_grinder
D:4:      minmay_goblin_kobold_castle, layout_layer_cave, tso_oasis_becter,
          kennysheep_little_box
D:5:      layout_rooms, serial_shops, shop, basic_altar, uniq_ijyb
D:6:      layout_gridville, minmay_temple_entry_waves, makhleb_heckhound_becter,
          uniq_pikel, uniq_edmund, uniq_sigmund
D:7:      layout_gridville, bloody_trog, serial_shops, shop,
          gammafunk_ghost_hive
D:8:      layout_loops_corners, lair_entry_dummy, gammafunk_ghost_necromancy

Skill      XL: |  1  2  3  4  5  6  7  8  9 |
---------------+----------------------------+-----
Axes           | 3 4 5 6 8 9 |  9.9
Throwing       | 1 2 3 4 5 7 9 |  9.1
Fighting       | |  3.0
Armour         | |  1.7
Dodging        | |  1.7

Action                   |  1- 3 |  4- 6 |  7- 9 | 10-12 || total
-------------------------+-------+-------+-------+-------++-------
Melee: Hand axe          |   102 |   172 |       |       ||   274
       War axe           |       |    23 |   331 |       ||   354
Throw: Dart              |     1 |    15 |    24 |       ||    40
Invok: Berserk           |     2 |     3 |     5 |       ||    10
       Trog's Hand       |       |     2 |     1 |       ||     3
  Use: Scroll            |       |     4 |       |       ||     4
       Potion            |       |     4 |       |       ||     4
Armor: Animal skin       |     4 |       |       |       ||     4
       Ring mail         |    36 |   107 |    41 |       ||   184
       Chain mail        |       |       |    93 |       ||    93
Dodge: Dodged            |    78 |   132 |   172 |       ||   382

Table legend: (Time is in decaauts)
 A = Elapsed time spent in this place.
 B = Non-inter-level travel time spent in this place.
 C = Inter-level travel time spent in this place.
 D = Time resting spent in this place.
 E = Time spent auto-exploring this place.
 F = Levels seen in this place.
 G = Mean time per level.
                   A        B        C        D        E       F      G
               +--------+--------+--------+--------+--------+-----+--------+
         Total |   9858 |   9444 |    414 |   1511 |   6477 |   9 | 1095.3 |
       Dungeon |   8683 |   8269 |    414 |   1190 |   5837 |   8 | 1085.4 |
         Sewer |   1174 |   1174 |      0 |    320 |    640 |   1 | 1174.0 |
               +--------+--------+--------+--------+--------+-----+--------+

Top non-repeatable levels by time:
     D:4: 1744 daAuts
     D:1: 1370 daAuts
     D:6: 1326 daAuts
     D:7: 1219 daAuts
   Sewer: 1174 daAuts
     D:3: 1139 daAuts
     D:2: 950 daAuts
     D:5: 691 daAuts
     D:8: 241 daAuts
